 Dungeon Crawl Stone Soup version 0.16-a0-1885-g0f03bb0 (webtiles) character file.

3169 timbw the Cleaver (level 9, 0/47 HPs)
             Began as a Vine Stalker Berserker on Nov 6, 2014.
             Was a Priest of Trog.
             Slain by a mottled dragon (3 damage)
             ... on level 11 of the Dungeon.
             The game lasted 00:08:49 (1532 turns).

timbw the Cleaver (Vine Stalker Berserker)          Turns: 1532, Time: 00:08:50

Health: 0/47       AC: 14    Str: 19    XL:     9   Next: 94%
Magic:  0/12       EV:  7    Int:  7    God:    Trog [***...]
Gold:   146        SH:  0    Dex: 18    Spells: 0 memorised, 8 levels left

rFire  + . .     SeeInvis .     o - +0 broad axe
rCold  . . .     Clarity  .     n - +1 chain mail
rNeg   . . .     SustAb   .     (no shield)
rPois  .         Gourm    .     (no helmet)
rElec  .         Spirit   +     (no cloak)
rCorr  .         Warding  .     (no gloves)
rMut   .         Stasis   .     (no boots)
MR     +....                    (no amulet)
Stlth  ..........               d - +4 ring of protection
                                g - ring of protection from fire

@: exhausted, liquid flames, slowed, glowing, very slow, somewhat resistant to
hostile enchantments, extremely unstealthy
A: fangs 3, regeneration 2, magic shield, antimagic bite, no device heal 3, rot
immunity
a: Burn Spellbooks, Berserk, Trog's Hand, Renounce Religion


You were on level 11 of the Dungeon.
You worshipped Trog.
Trog was most pleased with you.
You were near starving.

You visited 1 branch of the dungeon, and saw 11 of its levels.

You collected 146 gold pieces.

Inventory:

Hand weapons
 a - a +0 hand axe
 o - a +0 broad axe (weapon)
Missiles
 e - 8 curare-tipped needles
Armour
 b - a +0 animal skin
 j - a +0 ring mail
 n - a +1 chain mail (worn)
Jewellery
 d - a +4 ring of protection (right hand)
 g - a ring of protection from fire (left hand)
 q - an uncursed ring of protection from cold
Magical devices
 k - a wand of confusion (22)
 m - a wand of lightning (3)
Scrolls
 t - 3 scrolls of identify
Potions
 f - 2 potions of heal wounds
 i - a potion of cancellation
 p - a potion of agility {unknown}
 r - 2 potions of flight {unknown}
 u - a potion of curing {unknown}
Books
 h - a book of Fire

   Spells                             Type                      Level
   Ignite Poison                      Fire/Transmutation           5
   Fireball                           Conjuration/Fire             5
   Bolt of Fire                       Conjuration/Fire             6
   Delayed Fireball                   Conjuration/Fire             7
   Ring of Flames                     Charms/Fire                  7
   Trog disapproves of the use of such an item.
Comestibles
 c - 3 bread rations
 l - 2 meat rations
 s - 4 chunks of flesh
 v - a beef jerky
 w - a slice of pizza


   Skills:
 + Level 5.4 Fighting
 * Level 9.8 Axes
 + Level 4.5 Armour
 + Level 4.5 Dodging


You had 8 spell levels left.
You didn't know any spells.

Dungeon Overview and Level Annotations

Branches:
Dungeon (11/15)            Temple (0/1) D:4
   Lair: D:8-11         Orc: D:9-12

Altars:
Elyvilon


Innate Abilities, Weirdness & Mutations

You have razor-sharp teeth.
You heal very quickly.
When hurt, damage is shared between your health and your magic reserves.
Your bite disrupts and absorbs the magic of your enemies.
Potions and wands cannot restore your health.
You are immune to rotting.


Message History

You hit the mottled dragon.
You bite the mottled dragon, but do no damage.
The mottled dragon is lightly wounded.
The mottled dragon bites you but does no damage.
The mottled dragon claws you but does no damage.
You slash the mottled dragon!
The mottled dragon is heavily wounded.
The mottled dragon spits sticky flame at you.
The splash of liquid fire hits you!
You are covered in liquid flames!
The mottled dragon bites you but does no damage.
The mottled dragon claws you but does no damage.
You completely miss the mottled dragon.
The mottled dragon is heavily wounded.
You are covered in liquid flames!
The mottled dragon bites you.
* * * LOW HITPOINT WARNING * * *
The mottled dragon barely misses you. x2
The mottled dragon claws you.
You die...

# .## ..# #.# #.# #.#
#.# #.# # #@# #.#
#.#####D# #.# ##.......#
#.# ..........## ###.#
###.......## #...#
#.........####...#######
+.........+.............
#.........####...#######
##.......#..../...#


You could see a mottled dragon.

Vanquished Creatures
  A hill giant (D:11)
  An ugly thing (D:11)
  A shadow (D:11)
  3 yaks (D:10)
  A hippogriff (D:11)
  Grum (D:10)
  2 wolves (D:10)
  An ice beast (D:10)
  An orc warrior (D:4)
  A phantom (D:10)
  A centaur (D:8)
  2 giant frogs
  9 killer bees (D:8)
  A scorpion (D:5)
  A crimson imp (D:10)
  2 jellies
  4 hounds
  An iguana (D:8)
  An adder (D:3)
  A shadow imp (D:6)
  11 orcs
  3 goblins
  A hobgoblin (D:4)
  2 jackals (D:4)
  A quokka (D:8)
  A ball python (D:4)
  5 bats
  A giant newt (D:5)
  A giant spore (D:10)
  2 kobolds
  An orc skeleton (D:10)
  5 rats
70 creatures vanquished.

Notes
Turn   | Place    | Note
--------------------------------------------------------------
     0 | D:1      | timbw, the Vine Stalker Berserker, began the quest for the Orb.
     0 | D:1      | Reached XP level 1. HP: 11/11 MP: 1/1
    79 | D:3      | Reached skill level 3 in Axes
   119 | D:3      | Reached XP level 2. HP: 16/16 MP: 3/3
   176 | D:4      | Acquired Trog's second power
   197 | D:5      | Entered Level 5 of the Dungeon
   284 | D:4      | Noticed an orc warrior
   288 | D:4      | Reached XP level 3. HP: 19/19 MP: 4/4
   295 | D:4      | Killed an orc warrior
   295 | D:4      | Reached skill level 4 in Axes
   295 | D:4      | Reached XP level 4. HP: 20/23 MP: 2/5
   299 | D:4      | Reached skill level 5 in Axes
   333 | D:4      | Reached XP level 5. HP: 25/27 MP: 7/7
   339 | D:4      | Found a staircase to the Ecumenical Temple.
   342 | D:4      | Noticed a scorpion
   446 | D:5      | Found a white marble altar of Elyvilon.
   484 | D:5      | Noticed a scorpion
   492 | D:5      | Killed a scorpion
   492 | D:5      | Gained mutation: You heal very quickly. [vine stalker growth]
   492 | D:5      | Reached XP level 6. HP: 20/32 MP: 8/8
   560 | D:6      | Reached skill level 6 in Axes
   919 | D:8      | Reached skill level 7 in Axes
   919 | D:8      | Reached XP level 7. HP: 13/35 MP: 3/9
  1035 | D:8      | Gained mutation: You have razor-sharp teeth. [vine stalker growth]
  1035 | D:8      | Reached XP level 8. HP: 7/40 MP: 11/11
  1040 | D:8      | Noticed a two-headed ogre
  1071 | D:8      | Noticed a spriggan baker
  1088 | D:9      | Noticed a hill giant
  1123 | D:10     | Entered Level 10 of the Dungeon
  1162 | D:10     | Noticed Grum
  1176 | D:10     | Reached skill level 8 in Axes
  1188 | D:10     | Killed Grum
  1384 | D:10     | Reached XP level 9. HP: 19/46 MP: 7/12
  1411 | D:10     | Reached skill level 9 in Axes
  1417 | D:10     | Noticed a hill giant
  1475 | D:11     | Noticed a hill giant
  1507 | D:11     | Noticed a white ugly thing
  1517 | D:11     | Killed a hill giant
  1517 | D:11     | Reached skill level 5 in Fighting
  1528 | D:11     | HP: 1/47 [white ugly thing (16)]
  1529 | D:11     | Killed a white ugly thing
  1532 | D:11     | Slain by a mottled dragon

Action                   |  1- 3 |  4- 6 |  7- 9 || total
-------------------------+-------+-------+-------++-------
Melee: Hand axe          |    36 |   104 |    70 ||   210
       Broad axe         |       |       |    59 ||    59
Invok: Berserk           |     2 |       |     4 ||     6
       Trog's Hand       |     1 |       |     7 ||     8
  Use: Scroll            |       |     6 |     4 ||    10
  Eat: Bread ration      |       |     1 |       ||     1
       Fruit             |       |       |     3 ||     3
       Chunk             |       |       |     1 ||     1
